 Dungeon Crawl Stone Soup version 0.20.1-1-g8b1a95d (webtiles) character file.

59 dengdeng the Ruffian (level 4, 0/38 (40) HPs)
             Began as a Ghoul Berserker on Oct 28, 2017.
             Was a Believer of Trog.
             Slain by a jackal (1 damage)
             ... on level 2 of the Dungeon.
             The game lasted 00:07:21 (1307 turns).

dengdeng the Ruffian (Ghoul Berserker)              Turns: 1307, Time: 00:07:22

HP:   0/38 (40)     AC:  2    Str: 20    XL:     4   Next: 3%
MP:   3/3           EV: 12    Int:  3    God:    Trog [**....]
Gold: 36            SH:  0    Dex:  8    Spells: 3/3 levels left

rFire    . . .     SeeInvis .   o - +0 great sword
rCold    + . .     Gourm    .   (shield currently unavailable)
rNeg     + + +     Faith    .   a - +0 animal skin
rPois    ∞         Spirit   .   (no helmet)
rElec    .         Reflect  .   (no cloak)
rCorr    .         Harm     .   (no gloves)
MR       .....                  (no boots)
Stlth    +.........             (no amulet)
Regen    0.0/turn               (no ring)
MPRegen  0.1/turn               (no ring)

@: rotting
A: rotting body, claws 1, carnivore 3, cold resistance 1, negative energy
resistance 3, inhibited regeneration, torment resistance, unbreathing
a: Trog's Hand, Burn Spellbooks, Renounce Religion


You were on level 2 of the Dungeon.
You worshipped Trog.
Trog was pleased with you.
You were not hungry.

You visited 1 branch of the dungeon, and saw 2 of its levels.

You collected 36 gold pieces.

Inventory:

Hand Weapons
 o - a +0 great sword (weapon)
Missiles
 q - 21 stones (quivered)
Armour
 a - a +0 animal skin (worn)
Jewellery
 h - an uncursed amulet of guardian spirit {unknown}
Scrolls
 d - a scroll of teleportation {unknown}
 e - a scroll of fog {unknown}
 i - a scroll of magic mapping {unknown}
 j - 2 scrolls of identify {unknown}
 k - a scroll of amnesia {unknown}
 l - a scroll of immolation {unknown}
 p - 2 scrolls of fear {unknown}
Potions
 c - a potion of degeneration {unknown}
 f - a potion of resistance {unknown}
 g - a potion of heal wounds {unknown}
 n - 3 potions of flight {unknown}
 r - a potion of curing {unknown}
Comestibles
 b - 2 meat rations
 m - 2 bread rations


   Skills:
 + Level 3.7 Fighting
 + Level 1.8 Armour
 + Level 2.3 Dodging
 + Level 0.5 Stealth
 + Level 4.3 Unarmed Combat


You had 3 spell levels left.
You didn't know any spells.

Dungeon Overview and Level Annotations

Branches:
Dungeon (2/15)

Altars:
Qazlal


Innate Abilities, Weirdness & Mutations

Your body is rotting away.
You thrive on raw meat.
You are immune to poison.
You have sharp fingernails.
You are carnivorous and can eat meat at any time.
Your flesh is cold resistant. (rC+)
You are immune to negative energy. (rN+++)
You do not regenerate when monsters are visible.
You are immune to unholy pain and torment.
You can survive without breathing.


Message History

* * * LOW HITPOINT WARNING * * *
The jackal barely misses you. The jackal bites you.
* * * LOW HITPOINT WARNING * * *
You hit the jackal.
The jackal is almost dead.
The jackal barely misses you. x2
You closely miss the jackal.
The jackal is almost dead.
The jackal closely misses you. The jackal bites you.
* * * LOW HITPOINT WARNING * * *
The jackal bites you.
* * * LOW HITPOINT WARNING * * *
The jackal misses you.
You riposte.
You hit the jackal but do no damage.
The jackal is almost dead.
The jackal closely misses you. x2
There is an open door here.
You closely miss the jackal.
The jackal is almost dead.
The jackal bites you.
You die...

#.....#..# #.#.#.#...#.#
###'#.#.+##### #.#.#.###.#.#
####'###.###..####.#.#.#.....#
.....#§....#..+........#.#...#
.....#.....#..####.#.......#.#
..)....._.....##.#...###.#...#
.....#.....#####.....# #.#.#.#
.....#....§# #.##### #.#.#.#
.....###.### #@# #.#.#.#
.........#######h##### #+#.#.#
........#....(..w...(#
.......>#.<.....(.(..#
........#.......(^..(#
........+.........†..#
........#...........)#
....<....................#
............................


You could see a dart slug and a jackal.

Vanquished Creatures
  An adder (D:2)
  An ooze (D:1)
  2 dart slugs (D:1)
  A leopard gecko (D:1)
  2 giant cockroaches (D:1)
  4 goblins
  3 hobgoblins
  8 jackals
  5 bats
  2 frilled lizards
  5 kobolds
  3 rats
37 creatures vanquished.

Notes
Turn   | Place    | Note
-------+----------+-------------------------------------------
     0 | D:1      | dengdeng the Ghoul Berserker began the quest for the Orb.
     0 | D:1      | Reached XP level 1. HP: 19/19 MP: 0/0
   129 | D:1      | Reached XP level 2. HP: 23/26 MP: 1/1
   515 | D:1      | Reached skill level 4 in Unarmed Combat
   515 | D:1      | Reached XP level 3. HP: 24/31 MP: 2/2
   527 | D:1      | Reached ** piety under Trog
   954 | D:2      | Found a stormy altar of Qazlal.
  1295 | D:2      | Reached XP level 4. HP: 8/38 MP: 3/3
  1302 | D:2      | HP: 1/38 [jackal (1)]
  1307 | D:2      | Slain by a jackal

Skill      XL: |  1  2 |
---------------+-------+-----
Dodging        | 2 |  2.3
Unarmed Combat | 4 |  4.3
Fighting       | |  3.7
Armour         | |  1.8
Stealth        | |  0.5

Action                   |  1- 3 |  4- 6 || total
-------------------------+-------+-------++-------
Melee: Unarmed           |    75 |       ||    75
       Great sword       |    25 |     6 ||    31
  Eat: Chunk             |     4 |       ||     4
Armor: Animal skin       |    14 |       ||    14
Dodge: Dodged            |    96 |    10 ||   106
       Rpst.: Great sword |     5 |     2 ||     7
